 Dungeon Crawl Stone Soup version 0.26-a0-244-g083ca260ac (webtiles) character file.

Game seed: 10098800540425575131

95 ICC the Grave Robber (level 4, -1/36 HPs)
             Began as a Deep Dwarf Necromancer on July 7, 2020.
             Slain by an ufetubus (2 damage)
             ... on level 4 of the Dungeon on July 8, 2020.
             The game lasted 00:19:21 (1381 turns).

ICC the Grave Robber (Deep Dwarf Necromancer)       Turns: 1381, Time: 00:19:21

Health: -1/36      AC: -1    Str: 12    XL:     4   Next: 40%
Magic:  5/7        EV: 12    Int: 16    God:
Gold:   69         SH:  0    Dex: 13    Spells: 2/7 levels left

rFire    . . .     SeeInvis .   k - +0 dagger
rCold    . . .     Faith    .   (no shield)
rNeg     . . .     Spirit   .   a - +0 robe
rPois    .         Reflect  .   (no helmet)
rElec    .         Harm     .   (no cloak)
rCorr    .                      i - +0 pair of gloves
MR       .....                  (no boots)
Stlth    ++........             (no amulet)
HPRegen  0.00/turn              d - -4 ring of protection (curse)
MPRegen  0.10/turn              (no ring)

@: non-regenerating
A: damage resistance, heal wounds, sense surroundings 1, no regeneration
a: Heal Wounds


You were on level 4 of the Dungeon.
You were not hungry.

You visited 1 branch of the dungeon, and saw 3 of its levels.

You collected 69 gold pieces.

Inventory:

Hand Weapons
 c - a +0 short sword
 k - a +0 dagger (weapon)
Missiles
 e - 65 stones (quivered)
Armour
 a - a +0 robe (worn)
 i - a +0 pair of gloves (worn)
Jewellery
 d - a cursed -4 ring of protection (left hand)
Scrolls
 j - a scroll of enchant armour
Potions
 f - a potion of curing


   Skills:
 - Level 2.1 Dodging
 - Level 3.0 Stealth
 + Level 2.3 Spellcasting
 * Level 5.9 Necromancy


You had 2 spell levels left.
You knew the following spells:

 Your Spells              Type           Power        Failure   Level
c - Pain                  Necr           ###.         1%          1
l - Vampiric Draining     Necr           ###.......   5%          3
x - Animate Skeleton      Necr           N/A          1%          1

Your spell library contained the following spells:

 Spells                   Type           Power        Failure   Level
 Animate Dead             Necr           N/A          17%         4
 Agony                    Necr           ###.....     43%         5


Dungeon Overview and Level Annotations

Branches:
Dungeon (2/15)

Altars:


Innate Abilities, Weirdness & Mutations

You are resistant to damage.
You can heal yourself by infusing magical energy.
You passively map a small area around you.
You do not regenerate.


Message History

Unknown command.
The ufetubus closely misses you. The ufetubus hits you.
* * * LOW HITPOINT WARNING * * *
The ufetubus hits you.
* * * LOW HITPOINT WARNING * * *
The ufetubus hits you. The ufetubus barely misses you.
The ufetubus closely misses you.
You see here a worker ant corpse.
Casting: Vampiric Draining (dangerous; 5% risk of failure)
Confirm with . or Enter, or press ? or * to list all spells.
There is nothing here that can be animated!
You hit the ufetubus but do no damage. The ufetubus barely misses you.
The ufetubus hits you.
* * * LOW HITPOINT WARNING * * *
You hit the ufetubus but do no damage. The ufetubus hits you.
The ufetubus barely misses you. The ufetubus hits you. The ufetubus misses you.
You miss the ufetubus. The ufetubus hits you. x2
* * * LOW HITPOINT WARNING * * *
You closely miss the ufetubus. The ufetubus hits you.
You die...

#....?+ , ,
#.....# *
#.....#
#.....#+#####
#...........#
#...........#
#...........#
#....5......#
#####@......#
#.......#
#.......#
#.......#
#.......#
#.......#
######+## ,


You could see an ufetubus.

Vanquished Creatures
  A worker ant (D:4)
  3 adders (D:2)
  5 dart slugs
  A leopard gecko (D:1)
  3 giant cockroaches
  5 goblins
  3 hobgoblins
  A quokka (D:2)
  2 ball pythons (D:2)
  5 bats
  3 frilled lizards
  3 kobolds
  A rat (D:2)
36 creatures vanquished.

Notes
Turn   | Place    | Note
-------+----------+-------------------------------------------
     0 | D:1      | ICC the Deep Dwarf Necromancer began the quest for the Orb.
     0 | D:1      | Reached XP level 1. HP: 15/15 MP: 3/3
     2 | D:1      | Learned a level 1 spell: Animate Skeleton
   297 | D:1      | Reached XP level 2. HP: 16/22 MP: 3/5
   661 | D:2      | Reached skill level 5 in Necromancy
   725 | D:2      | Reached XP level 3. HP: 2/28 MP: 0/6
   739 | D:2      | Learned a level 3 spell: Vampiric Draining
  1248 | D:2      | Upgraded the game from 0.26-a0-227-g1af32d979d to
                  | 0.26-a0-244-g083ca260ac
  1286 | D:2      | Reached XP level 4. HP: 15/36 MP: 0/7
  1361 | D:2      | You fall into a shaft and drop 2 floors!
  1380 | D:4      | HP: 1/36 [ufetubus (3)]
  1381 | D:4      | Slain by an ufetubus

Illustrated notes

Levels and vault maps discovered:
D:1:      lordsloth_arrival_two_stooges, layout_loops_ring
D:2:      layout_rooms, kennysheep_big_empty_room, minmay_misc_feat_five,
          bh_walls_and_bars
D:4:      layout_basic, minmay_temple_entry_enclosed_plants, first_ration

Skill      XL: |  1  2 |
---------------+-------+-----
Spellcasting   | 2 |  2.3
Stealth        | 3 |  3.0
Necromancy     | 5 |  5.9
Dodging        | |  2.1

Action                   |  1- 3 |  4- 6 || total
-------------------------+-------+-------++-------
Melee: Club              |     5 |       ||     5
       Dagger            |    69 |    10 ||    79
Throw: Stone             |     5 |       ||     5
 Cast: Pain              |    46 |       ||    46
       Animate Skeleton  |     5 |     1 ||     6
       Vampiric Draining |    12 |     1 ||    13
  Use: Scroll            |     4 |     2 ||     6
       Potion            |     1 |       ||     1
 Stab: Sleeping          |       |     1 ||     1
  Eat: Ration            |     1 |       ||     1
Dodge: Dodged            |    99 |    13 ||   112

Table legend:
 A = Non-vault XP
 B = Vault XP
 C = Vault XP percentage of total XP
 D = Non-vault monster count
 E = Vault monster count
 F = Vault count percentage of total count
                 A         B        C        D         E       F
            +---------+---------+-------+---------+---------+-------
      Total |     137 |       0 |   0.0 |      36 |       0 |   0.0
            +---------+---------+-------+---------+---------+-------
        D:1 |      24 |       0 |   0.0 |      11 |       0 |   0.0
        D:2 |      77 |       0 |   0.0 |      24 |       0 |   0.0
        D:4 |      36 |       0 |   0.0 |       1 |       0 |   0.0
            +---------+---------+-------+---------+---------+-------
